 Dungeon Crawl Stone Soup version 0.23.2-40-g277498a (webtiles) character file.

Game seed: 15237649928930679800

737 CrazyJ the Stinger (level 7, -3/56 HPs)
             Began as a White Draconian Venom Mage on Sept 9, 2019.
             Was a Believer of Nemelex Xobeh.
             Slain by a black bear (4 damage)
             ... on level 5 of the Dungeon.
             The game lasted 00:37:22 (4953 turns).

CrazyJ the Stinger (White Draconian Venom Mage)     Turns: 4953, Time: 00:37:23

Health: -3/56      AC:  7    Str: 10    XL:     7   Next: 46%
Magic:  12/12      EV: 13    Int: 17    God:    Nemelex Xobeh [**....]
Gold:   266        SH:  0    Dex: 12    Spells: 2/12 levels left

rFire    . . .     SeeInvis .   p - +0 spear (pierce)
rCold    + . .     Gourm    .   (no shield)
rNeg     . . .     Faith    .   (armour unavailable)
rPois    .         Spirit   .   (helmet restricted)
rElec    .         Reflect  .   (no cloak)
rCorr    .         Harm     .   (no gloves)
MR       .....                  x - +0 pair of boots
Stlth    ++........             (no amulet)
HPRegen  0.18/turn              (no ring)
MPRegen  0.13/turn              (no ring)

@: no status effects
A: breathe frost, unfitting armour, cold resistance 1, cold-blooded, AC +6
a: Breathe Frost, Draw Escape, Draw Destruction, Draw Summoning, Renounce
Religion


You were on level 5 of the Dungeon.
You worshipped Nemelex Xobeh.
Nemelex Xobeh was pleased with you.
You were not hungry.

You visited 1 branch of the dungeon, and saw 5 of its levels.

You collected 266 gold pieces.

Inventory:

Hand Weapons
 d - a -1 spear
 e - a +0 club
 f - a +0 dagger
 i - a +0 dagger
 k - a +0 short sword
 l - a +0 dagger of venom
 n - a +0 dagger
 p - a +0 spear of piercing (weapon)
 B - a +0 hand crossbow
 F - a +0 shortbow
 N - a cursed -1 falchion
Missiles
 g - 59 sling bullets
 h - 170 stones (quivered)
 y - 35 bolts
 E - 19 arrows
Armour
 x - a +0 pair of boots (worn)
Jewellery
 A - an uncursed amulet of guardian spirit
Wands
 w - a wand of flame (36)
 M - a wand of digging (2)
Scrolls
 c - 2 scrolls of fear
 j - 5 scrolls of identify
 o - 2 scrolls of blinking {unknown}
 r - 2 scrolls of teleportation {unknown}
 s - a scroll of noise {unknown}
 t - a scroll of immolation
 u - 3 scrolls of remove curse
 C - a scroll of amnesia {unknown}
 D - a scroll of enchant weapon {unknown}
 G - a scroll of enchant armour {unknown}
 J - a scroll of magic mapping {unknown}
Potions
 a - a potion of degeneration {unknown}
 m - a potion of brilliance
 q - 3 potions of curing
 v - a potion of heal wounds
 z - a potion of haste
 H - a potion of resistance {unknown}
 I - a potion of flight
 K - a potion of might {unknown}
Comestibles
 b - 10 rations
 L - 2 chunks of flesh


   Skills:
 + Level 2.7 Fighting
 - Level 0.2 Short Blades
 - Level 0.3 Maces & Flails
 + Level 2.6 Polearms
 + Level 3.1 Dodging
 - Level 1.7 Stealth
 + Level 3.4 Spellcasting
 + Level 3.2 Conjurations
 + Level 1.7 Air Magic
 + Level 4.1 Poison Magic
 + Level 2.8 Invocations


You had 2 spell levels left.
You knew the following spells:

 Your Spells              Type           Power        Failure   Level  Hunger
a - Sting                 Conj/Pois      ###.         3%          1    None
b - Poisonous Vapours     Pois/Air       ##....       8%          2    ##.....
c - Mephitic Cloud        Conj/Pois/Air  ##......     14%         3    ###....
d - Olgreb's Toxic Radia  Pois           ###.....     30%         4    ####...

Your spell library contained the following spells:

 Spells                   Type           Power        Failure   Level  Hunger
 Venom Bolt               Conj/Pois      ###.......   71%         5    ######.


Dungeon Overview and Level Annotations

Branches:
Dungeon (5/15)
 Temple: D:4-7

Altars:
Gozag
Hepliaklqana
Kikubaaqudgha
Nemelex Xobeh
Okawaru
Vehumet
Xom

Shops:
D:4 }

Annotations:
D:3 1 runed translucent door, Ivoff's ghost, amateur OgBe


Innate Abilities, Weirdness & Mutations

You can breathe waves of freezing cold.
You can buffet flying creatures when you breathe cold.
Your icy white scales are hard. (AC +6)
You cannot fit into any form of body armour.
Your flesh is cold resistant. (rC+)
You are cold-blooded and may be slowed by cold attacks.


Message History

The black bear claws you but does no damage.
The black bear claws you.
You hit the black bear. You tail-slap the black bear.
The black bear is almost dead.
The black bear barely misses you. The black bear claws you.
The black bear closely misses you. The black bear bites you!
The black bear claws you but does no damage.
The black bear closely misses you.
You draw a card...
You have drawn the Cloud.
Clouds appear around you! The crimson imp hits you. The black bear bites you!
* * * LOW HITPOINT WARNING * * *
The black bear closely misses you. The black bear barely misses you.
Really walk into that cloud of poison gas?
Okay, then.
The black bear is engulfed in noxious fumes.
The crimson imp blinks!
The black bear bites you!
* * * LOW HITPOINT WARNING * * *
The black bear claws you.
You die...
Your body disappears without a glow.

................##
.................#
................## #.
...............## #..
.........###....## #...
............#....###..#
##....÷........>..#..#
##.................#
###........5..@.###
##.......☼☼☼h##
.#......☼.>☼#
........○☼.##
....≈....☼☼# ..
≈≈≈≈....####
≈≈≈≈≈......###
≈≈≈≈≈........#
≈≈≈≈..........#


You could see a black bear (berserk) and a crimson imp.

Vanquished Creatures
  A sky beast (D:4)
  A centaur (D:3)
  A scorpion (D:5)
  A jelly (D:5)
  2 orc wizards
  A bullfrog skeleton (D:4)
  A worker ant (D:4)
  A hound skeleton (D:4)
  6 adders
  A gnoll (D:2)
  An ooze (D:3)
  2 adder skeletons (D:4)
  2 worms
  2 dart slugs
  2 leopard geckos
  9 orcs
  2 ball pythons
  5 giant cockroaches
  10 goblins
  5 hobgoblins
  6 jackals
  4 quokkas
  4 bats
  3 frilled lizards
  14 kobolds
  A leopard gecko skeleton (D:4)
  9 rats
97 creatures vanquished.

Vanquished Creatures (collateral kills)
  Grinder (D:3)
  A killer bee (D:3)
  A bat (D:3)
  A hobgoblin (D:3)
4 creatures vanquished.

Vanquished Creatures (others)
  An orc priest (D:4)
  An orc wizard (D:4)
  Ijyb (D:4)
  A ball lightning (D:4)
  A leopard gecko (D:4)
  2 orcs (D:4)
7 creatures vanquished.

Grand Total: 108 creatures vanquished

Notes
Turn   | Place    | Note
-------+----------+-------------------------------------------
     0 | D:1      | CrazyJ the Draconian Venom Mage began the quest for the
                  | Orb.
     0 | D:1      | Reached XP level 1. HP: 14/14 MP: 3/3
   356 | D:1      | Reached XP level 2. HP: 17/22 MP: 5/5
   796 | D:2      | Learned a level 2 spell: Poisonous Vapours
   820 | D:2      | Found a sparkling altar of Nemelex Xobeh.
   835 | D:2      | Became a worshipper of Nemelex Xobeh the Trickster
   974 | D:2      | Received a gift from Nemelex Xobeh
   990 | D:2      | Reached XP level 3. HP: 27/27 MP: 4/6
  1251 | D:2      | Reached skill level 1 in Fighting
  1771 | D:2      | Reached * piety under Nemelex Xobeh
  1901 | D:2      | Received a gift from Nemelex Xobeh
  2083 | D:3      | Learned a level 3 spell: Mephitic Cloud
  2109 | D:3      | Reached XP level 4. HP: 33/35 MP: 7/7
  2248 | D:3      | Noticed Grinder
  2254 | D:3      | Killed Grinder
  2254 | D:3      | Reached skill level 1 in Polearms
  2254 | D:3      | Reached skill level 1 in Invocations
  2254 | D:3      | Reached XP level 5. HP: 38/41 MP: 7/9
  2517 | D:3      | Found a runed translucent door.
  2543 | D:3      | Noticed Ivoff's ghost (amateur OgBe)
  2690 | D:3      | Noticed a centaur
  2694 | D:3      | Killed a centaur
  2694 | D:3      | Reached XP level 6. HP: 23/48 MP: 7/10
  3176 | D:4      | Found a radiant altar of Vehumet.
  3246 | D:4      | Reached ** piety under Nemelex Xobeh
  3429 | D:4      | Found a hazy altar of Hepliaklqana.
  3469 | D:4      | Received a gift from Nemelex Xobeh
  3720 | D:4      | Found an iron altar of Okawaru.
  3785 | D:4      | Found a shimmering altar of Xom.
  3785 | D:4      | Found an opulent altar of Gozag.
  3866 | D:4      | Reached skill level 1 in Air Magic
  3943 | D:4      | Found an ancient bone altar of Kikubaaqudgha.
  3978 | D:4      | Noticed Ijyb
  3993 | D:4      | Killed Ijyb
  4101 | D:4      | Found Lepe's Gadget Shoppe.
  4301 | D:4      | Noticed a sky beast
  4309 | D:4      | Killed a sky beast
  4309 | D:4      | Reached skill level 4 in Poison Magic
  4309 | D:4      | Your scales start taking on an icy white colour.
  4309 | D:4      | Reached XP level 7. HP: 33/56 MP: 11/11
  4309 | D:4      | Gained mutation: Your flesh is cold resistant. (rC+) [White
                  | Draconian growth]
  4379 | D:5      | Entered Level 5 of the Dungeon
  4390 | D:4      | HP: 1/56 [card of wild magic (28)]
  4728 | D:5      | Learned a level 4 spell: Olgreb's Toxic Radiance
  4953 | D:5      | HP: 1/56 [black bear (11)]
  4953 | D:5      | Slain by a black bear

Skill      XL: |  1  2  3  4  5  6 |
---------------+-------------------+-----
Dodging        | 2 3 |  3.1
Fighting       | 1 2 |  2.7
Conjurations   | 2 3 |  3.2
Polearms       | 1 2 |  2.6
Invocations    | 1 2 |  2.8
Spellcasting   | 3 |  3.4
Air Magic      | 1 |  1.7
Poison Magic   | 4 |  4.1
Short Blades   | |  0.2
Maces & Flails | |  0.3
Stealth        | |  1.7

Action                   |  1- 3 |  4- 6 |  7- 9 || total
-------------------------+-------+-------+-------++-------
Melee: Club              |    28 |       |       ||    28
       Spear             |    97 |   149 |    40 ||   286
       Tailslap          |    19 |    19 |     2 ||    40
       Short sword       |    23 |       |       ||    23
 Cast: Sting             |    22 |     9 |     9 ||    40
       Poisonous Vapours |     4 |     1 |       ||     5
 Abil: Draw Destruction  |     3 |     4 |     6 ||    13
       Draw Summoning    |       |     1 |       ||     1
       Breathe Frost     |       |       |     2 ||     2
       Draw Escape       |       |       |     1 ||     1
  Use: Scroll            |     1 |     2 |       ||     3
       Potion            |     2 |     1 |     2 ||     5
 Stab: Distracted        |     1 |       |       ||     1
       Petrified         |       |     1 |       ||     1
       Sleeping          |       |     1 |       ||     1
  Eat: Chunk             |     3 |     5 |     3 ||    11
       Ration            |     1 |       |       ||     1
Armor: Skin              |    43 |    47 |    21 ||   111
Dodge: Dodged            |   106 |    92 |    53 ||   251
